 Dungeon Crawl Stone Soup version 0.23.2-33-g5129a83184 (webtiles) character file.

Game seed: 12069631505236591972

18655 beigtais the Thaumaturge (level 12, -18/88 HPs)
             Began as a Demonspawn Wizard on July 23, 2019.
             Was a Priest of Vehumet.
             Hit by a large rock thrown by a cyclops (27 damage)
             ... on level 11 of the Dungeon.
             The game lasted 02:36:45 (18603 turns).

beigtais the Thaumaturge (Demonspawn Wizard)       Turns: 18603, Time: 02:36:46

Health: -18/88     AC:  5    Str: 13    XL:     12   Next: 29%
Magic:  0/25       EV: 16    Int: 25    God:    Vehumet [***...]
Gold:   741        SH:  6    Dex: 16    Spells: 7/29 levels left

rFire    + . .     SeeInvis .   l - +2 dagger (drain)
rCold    . . .     Gourm    .   (no shield)
rNeg     . . .     Faith    .   g - +2 robe of Foolhardiness {rF+ Slay+2}
rPois    .         Spirit   +   b - +0 hat
rElec    .         Reflect  .   (no cloak)
rCorr    .         Harm     .   M - +0 pair of gloves
MR       .....     Clarity  +   (no boots)
Stlth    ++++......             j - amulet of regeneration
HPRegen  0.64/turn              E - +5 ring of dexterity
MPRegen  0.19/turn              (no ring)

@: mighty
A: antennae 2, large bone plates 2, clarity, powered by pain 2, magic shield,
MP-powered wands
a: Renounce Religion


You were on level 11 of the Dungeon.
You worshipped Vehumet.
Vehumet was most pleased with you.
You were not hungry.

You visited 1 branch of the dungeon, and saw 11 of its levels.

You collected 741 gold pieces.

Inventory:

Hand Weapons
 l - a +2 dagger of draining (weapon)
 w - a +1 short sword of venom
 D - a +0 scimitar of flaming
 G - a +2 dagger of chaos
 I - a +2 shortbow of flaming
Missiles
 a - 26 poisoned needles
 e - 239 arrows
 f - 8 tomahawks (quivered)
 h - 265 stones
 p - 5 needles of sleeping
Armour
 b - a +0 hat (worn)
 g - the +2 robe of Foolhardiness (worn) {rF+ Slay+2}
   (You found it on level 5 of the Dungeon)

   It affects your accuracy and damage with ranged weapons and melee attacks
   (+2).
   It protects you from fire.
 F - a +2 robe of the Archmagi
 H - the +0 leather armour "Onukiuq" {MR+ Int+4 Slay+4}
   (You took it off Psyche on level 9 of the Dungeon)

   It affects your intelligence (+4).
   It affects your accuracy and damage with ranged weapons and melee attacks
   (+4).
   It affects your resistance to hostile enchantments.
 M - a +0 pair of gloves (worn)
 N - the +5 ring mail of Lilacs {rPois rC+ Str+8 Slay-6, unknown}
   (You found it on level 11 of the Dungeon)

   It affects your strength (+8).
   It affects your accuracy and damage with ranged weapons and melee attacks
   (-6).
   It protects you from cold.
   It protects you from poison.
Magical Staves
 m - an uncursed staff of cold
 B - an uncursed staff of conjuration
 C - an uncursed staff of summoning
Jewellery
 j - an amulet of regeneration (around neck)
 y - an uncursed amulet of faith
 E - a +5 ring of dexterity (left hand)
 K - an uncursed ring of stealth
 L - an uncursed ring of stealth
Wands
 n - a wand of iceblast (7)
 q - a wand of digging (5)
 s - a wand of paralysis (24)
 z - a wand of random effects (5)
 Q - a wand of polymorph (4)
 R - a wand of acid (7)
Scrolls
 c - a scroll of immolation
 i - 5 scrolls of teleportation
 k - 3 scrolls of enchant armour
 t - 2 scrolls of magic mapping
 u - a scroll of vulnerability
 x - a scroll of remove curse
Potions
 o - a potion of might
 r - 3 potions of cancellation
 A - 3 potions of curing
 J - a potion of resistance
Comestibles
 d - 16 rations
 O - 5 chunks of flesh


   Skills:
 + Level 6.0 Fighting
 + Level 6.0 Short Blades
 + Level 3.6 Staves
 + Level 5.1 Throwing
 * Level 6.3 Dodging
 + Level 7.4 Stealth
 + Level 9.3 Spellcasting
 * Level 6.3 Conjurations
 + Level 2.2 Hexes
 + Level 4.3 Summonings
 + Level 1.4 Translocations
 + Level 0.6 Fire Magic
 + Level 1.6 Air Magic
 + Level 3.5 Poison Magic
 * Level 3.2 Evocations


You had 7 spell levels left.
You knew the following spells:

 Your Spells              Type           Power        Failure   Level  Hunger
a - Magic Dart            Conj           ####         1%          1    None
b - Call Imp              Summ           ####....     1%          2    None
c - Blink                 Tloc           N/A          4%          2    None
d - Mephitic Cloud        Conj/Pois/Air  ####....     1%          3    None
e - Slow                  Hex            ###.....     3%          2    None
f - Conjure Flame         Conj/Fire      ####....     1%          3    None
g - Airstrike             Air            ###.......   7%          4    #......
h - Lightning Bolt        Conj/Air       ####......   8%          5    ####...

Your spell library contained the following spells:

 Spells                   Type           Power        Failure   Level  Hunger
 Iskenderun's Mystic Bla  Conj           #####...     1%          4    #......
 Shock                    Conj/Air       ####         1%          1    None
 Static Discharge         Conj/Air       ####....     1%          3    None
 Recall                   Summ/Tloc      N/A          4%          3    None
 Swiftness                Chrm/Air       ###.....     5%          2    None
 Animate Dead             Necr           N/A          45%         4    #......
 Borgnjor's Vile Clutch   Necr/Erth      ##........   82%         5    ####...
 Death Channel            Necr           ##........   100%        6    ######.
 Simulacrum               Ice/Necr       ##........   100%        6    ######.


Dungeon Overview and Level Annotations

Branches:
Dungeon (11/15)            Temple (0/1) D:4            Lair (0/6) D:11
    Orc (0/2) D:9

Altars:
Makhleb
Nemelex Xobeh
Sif Muna
Uskayaw
Vehumet
Xom
Zin
The Shining One
Beogh

Shops:
D:10 (

Annotations:
D:4 Prince Ribbit


Innate Abilities, Weirdness & Mutations

You have a pair of antennae on your head.
You are mostly covered in large bone plates. (SH +6)
You sometimes gain power by taking damage.
When hurt, damage is shared between your health and your magic reserves.
You possess an exceptional clarity of mind.
You expend magic power (3 MP) to strengthen your wands.


Message History

You impale the cyclops!!
The cyclops is severely wounded.
You puncture the cyclops!
The cyclops is almost dead.
The cyclops throws a large rock.
The large rock barely misses your crimson imp.
The large rock hits you!!!
Your crimson imp hits the cyclops.
The cyclops is engulfed in noxious fumes.
You block the cyclops's attack.
You puncture the cyclops!
You kill the cyclops!
Vehumet accepts your kill.
As you read the scroll of fog, it crumbles to dust.
The scroll dissolves into smoke.
The cyclops throws a large rock.
The large rock barely misses your crimson imp.
The large rock hits you!!
* * * LOW HITPOINT WARNING * * *
Your crimson imp blinks!
The cyclops throws a large rock.
The large rock hits you!!
You die...

............................)....
...############..................
#### #.################# #.# #(#
#.# ########.#
........)#################
.......).@§§..............
.........§§§(............(
.........§§§§§.........).<
...........§§§..P.......(÷
.........§§§§......(..O...
..C.......§§.§....C....O..
.....5....................
..........)...............
''###...................##


You could see a cyclops and a friendly crimson imp.

Vanquished Creatures
  An ettin (D:11)
  A two-headed ogre (D:10)
  Erica (D:9)
  An ogre mage (D:11)
  7 death yaks
  Pikel (D:3)
  7 cyclopes
  Psyche (D:9)
  A centaur skeleton (D:11)
  A troll (D:9)
  2 hornets (D:9)
  A hippogriff (D:10)
  A shadow (D:11)
  Eustachio (D:4)
  3 hungry ghosts
  9 yaks
  A steam dragon (D:9)
  2 wargs
  2 soldier ants (D:9)
  A water moccasin (D:10)
  3 sky beasts
  A black bear (D:9)
  4 orc warriors
  A slave (D:4)
  4 wolves
  A phantom (D:10)
  9 centaurs
  9 ogres
  A crocodile (D:10)
  A big kobold (D:4)
  Blork the orc (D:5)
  6 bullfrogs
  A wyvern skeleton (D:7)
  A jelly (D:6)
  4 scorpions
  A water moccasin skeleton (D:6)
  5 killer bees (D:10)
  2 howler monkeys
  9 crimson imps
  3 centaur zombies
  4 hounds
  10 orc priests
  A bullfrog skeleton (D:8)
  Terence (D:3)
  8 worker ants
  An iguana (D:11)
  11 orc wizards
  2 hound zombies (D:5)
  2 hound skeletons
  A howler monkey zombie (D:10)
  2 worker ant zombies (D:11)
  2 gnolls (D:4)
  7 adders
  2 shadow imps
  An ooze (D:1)
  An adder skeleton (D:9)
  A dart slug (D:1)
  6 leopard geckos
  40 orcs
  5 bats
  6 giant cockroaches
  11 goblins
  6 hobgoblins
  6 kobolds
  3 quokkas
  3 ball pythons
  2 frilled lizards
  A quokka zombie (D:5)
  12 rats
270 creatures vanquished.

Vanquished Creatures (collateral kills)
  An ugly thing (D:11)
  A hungry ghost (D:7)
  A black bear (D:7)
  A slave (D:4)
  A centaur (D:11)
  A crocodile (D:7)
  A big kobold (D:4)
  A scorpion (D:4)
  A crimson imp (D:9)
  A quasit (D:7)
  A jelly (D:5)
  2 orc priests
  4 orc wizards
  A centaur skeleton (D:4)
  Jessica (D:2)
  A hound skeleton (D:4)
  Robin (D:4)
  A gnoll (D:4)
  7 adders
  A shadow imp (D:10)
  An ooze (D:4)
  2 worms (D:2)
  A dart slug (D:3)
  3 leopard geckos
  11 orcs
  2 giant cockroaches
  5 goblins (D:4)
  4 hobgoblins
  3 jackals (D:2)
  4 kobolds (D:4)
  3 frilled lizards (D:3)
69 creatures vanquished.

Vanquished Creatures (others)
  A slave (D:4)
  A centaur skeleton (D:7)
  A worker ant (D:7)
3 creatures vanquished.

Grand Total: 342 creatures vanquished

Notes
Turn   | Place    | Note
-------+----------+-------------------------------------------
     0 | D:1      | beigtais the Demonspawn Wizard began the quest for the Orb.
     0 | D:1      | Reached XP level 1. HP: 13/13 MP: 4/4
   335 | D:1      | Gained mutation: You are partially covered in large bone
                  | plates. (SH +4) [demonic ancestry]
   335 | D:1      | Reached XP level 2. HP: 10/19 MP: 0/6
   641 | D:1      | Learned a level 2 spell: Call Imp
   644 | D:1      | Learned a level 2 spell: Blink
   809 | D:1      | Reached skill level 1 in Translocations
  1483 | D:1      | Gained mutation: You sometimes gain a little power by
                  | taking damage. [demonic ancestry]
  1483 | D:1      | Reached XP level 3. HP: 24/24 MP: 1/8
  2548 | D:2      | Learned a level 3 spell: Mephitic Cloud
  2726 | D:2      | Found a shimmering altar of Xom.
  2935 | D:2      | Noticed Jessica
  2953 | D:2      | Killed Jessica
  2953 | D:2      | Reached skill level 1 in Poison Magic
  3056 | D:2      | Gained mutation: You sometimes gain power by taking damage.
                  | [demonic ancestry]
  3056 | D:2      | Reached XP level 4. HP: 30/30 MP: 2/9
  3406 | D:2      | Reached skill level 4 in Spellcasting
  3650 | D:2      | Learned a level 2 spell: Slow
  4386 | D:3      | Noticed Terence
  4404 | D:3      | Killed Terence
  4404 | D:3      | Gained mutation: You have a pair of small antennae on your
                  | head. [demonic ancestry]
  4404 | D:3      | Reached XP level 5. HP: 35/35 MP: 6/11
  5536 | D:3      | Learned a level 3 spell: Conjure Flame
  5625 | D:4      | Noticed Eustachio
  5993 | D:4      | Found a hide-covered altar of Uskayaw.
  6248 | D:4      | Gained mutation: You expend magic power (3 MP) to
                  | strengthen your wands. [potion of mutation]
  6248 | D:4      | Gained mutation: You possess an exceptional clarity of
                  | mind. [potion of mutation]
  6272 | D:4      | Killed Eustachio
  6272 | D:4      | Reached skill level 5 in Spellcasting
  6272 | D:4      | Gained mutation: You are mostly covered in large bone
                  | plates. (SH +6) [demonic ancestry]
  6272 | D:4      | Reached XP level 6. HP: 24/41 MP: 3/13
  6644 | D:4      | Noticed Robin
  7304 | D:4      | Killed Robin
  7409 | D:4      | Noticed a slave
  7412 | D:4      | Noticed a slave
  7415 | D:4      | Noticed a slave
  7418 | D:4      | Noticed Pikel
  7427 | D:4      | Killed a slave
  7438 | D:4      | Killed a slave
  7613 | D:3      | Killed Pikel
  7613 | D:3      | Reached skill level 6 in Spellcasting
  7613 | D:3      | Reached skill level 1 in Hexes
  7613 | D:3      | Gained mutation: You have a pair of antennae on your head.
                  | [demonic ancestry]
  7613 | D:3      | Reached XP level 7. HP: 46/47 MP: 1/16
  7827 | D:4      | Found a staircase to the Ecumenical Temple.
  7915 | D:5      | Entered Level 5 of the Dungeon
  7916 | D:5      | Noticed Prince Ribbit
  8221 | D:4      | Reached skill level 1 in Throwing
  8319 | D:4      | Reached XP level 8. HP: 53/53 MP: 13/17
  9041 | D:4      | Reached skill level 1 in Fighting
  9041 | D:4      | Reached skill level 1 in Short Blades
  9105 | D:5      | Noticed Blork the orc
  9325 | D:5      | Killed Blork the orc
  9624 | D:5      | Got an opalescent robe
  9625 | D:5      | Identified the +2 robe of Foolhardiness {rF+ Slay+2} (You
                  | found it on level 5 of the Dungeon)
  9670 | D:5      | Found a glowing silver altar of Zin.
  9983 | D:6      | Reached skill level 7 in Spellcasting
 10471 | D:6      | Gained mutation: When hurt, damage is shared between your
                  | health and your magic reserves. [demonic ancestry]
 10471 | D:6      | Reached XP level 9. HP: 62/62 MP: 19/19
 10639 | D:6      | Found a glowing golden altar of the Shining One.
 10966 | D:7      | You fall through a shaft for 2 floors!
 11009 | D:9      | Identified the cursed +0 leather armour "Onukiuq" {MR+
                  | Int+4 Slay+4}
 11009 | D:9      | Noticed Psyche
 11508 | D:7      | Learned a level 4 spell: Airstrike
 11514 | D:7      | Learned a level 5 spell: Lightning Bolt
 11766 | D:7      | Found a radiant altar of Vehumet.
 11782 | D:7      | Became a worshipper of Vehumet
 12138 | D:8      | Found a burning altar of Makhleb.
 12745 | D:9      | Found a staircase to the Orcish Mines.
 13201 | D:9      | Noticed Erica
 13329 | D:8      | Reached skill level 1 in Staves
 13399 | D:9      | Killed Erica
 13399 | D:9      | Reached skill level 5 in Stealth
 13399 | D:9      | Reached XP level 10. HP: 46/71 MP: 12/21
 13634 | D:9      | Killed Psyche
 13742 | D:9      | Identified the +5 ring mail of Puvvig {rCorr Int+3 Dex+5}
 13750 | D:9      | Reached skill level 5 in Dodging
 13924 | D:9      | Identified a scroll of acquirement
 13973 | D:9      | Found a sparkling altar of Nemelex Xobeh.
 14315 | D:9      | Reached skill level 5 in Short Blades
 14396 | D:9      | Reached skill level 8 in Spellcasting
 14397 | D:9      | Reached skill level 5 in Fighting
 14400 | D:9      | Reached skill level 5 in Conjurations
 14401 | D:9      | Reached * piety under Vehumet
 14401 | D:9      | Offered knowledge of Freeze by Vehumet.
 14488 | D:9      | Found a deep blue altar of Sif Muna.
 14621 | D:10     | Entered Level 10 of the Dungeon
 14719 | D:10     | Found a roughly hewn altar of Beogh.
 14729 | D:10     | Noticed a cyclops
 15159 | D:10     | Killed a cyclops
 15159 | D:10     | Reached XP level 11. HP: 53/80 MP: 6/23
 15514 | D:10     | Offered knowledge of Flame Tongue by Vehumet.
 15520 | D:10     | Reached ** piety under Vehumet
 15891 | D:10     | Noticed a two-headed ogre
 15914 | D:10     | Killed a two-headed ogre
 16130 | D:10     | Found Othuanas's Weapon Shop.
 16324 | D:11     | Reached skill level 1 in Air Magic
 16469 | D:11     | Noticed a purple ugly thing
 16500 | D:11     | Killed a purple ugly thing
 16696 | D:11     | Noticed a death yak
 16698 | D:11     | Noticed a death yak
 16698 | D:11     | Noticed a death yak
 16703 | D:11     | Noticed a death yak
 16708 | D:11     | Noticed a death yak
 16743 | D:11     | Killed a death yak
 16745 | D:11     | Killed a death yak
 16745 | D:11     | Offered knowledge of Throw Frost by Vehumet.
 16855 | D:11     | Noticed a death yak
 16872 | D:11     | Noticed a death yak
 16879 | D:11     | Killed a death yak
 16932 | D:11     | Killed a death yak
 17035 | D:10     | Killed a death yak
 17035 | D:10     | Reached skill level 9 in Spellcasting
 17299 | D:11     | Reached skill level 1 in Evocations
 17430 | D:11     | Noticed an ogre mage
 17611 | D:11     | Reached *** piety under Vehumet
 17757 | D:11     | Killed a death yak
 17761 | D:11     | Killed a death yak
 17853 | D:11     | Reached XP level 12. HP: 68/88 MP: 13/25
 17950 | D:11     | Found a staircase to the Lair.
 18147 | D:11     | Offered knowledge of Iskenderun's Mystic Blast by Vehumet.
 18202 | D:11     | Reached skill level 5 in Throwing
 18267 | D:11     | Noticed an ettin
 18291 | D:11     | Killed an ettin
 18503 | D:11     | Got a smoking ring mail
 18526 | D:11     | Killed an ogre mage
 18603 | D:11     | Hit by a large rock thrown by a cyclops

Skill      XL: |  1  2  3  4  5  6  7  8  9 10 11 12 |
---------------+-------------------------------------+-----
Translocations | 1 |  1.4
Dodging        | 2 3 4 5 6 |  6.3
Poison Magic   | 1 2 3 |  3.5
Spellcasting   | 4 5 6 7 8 9 |  9.3
Stealth        | 2 3 5 6 7 |  7.4
Summonings     | 2 3 4 |  4.3
Conjurations   | 2 3 4 5 6 |  6.3
Hexes          | 1 2 |  2.2
Throwing       | 1 2 3 4 5 |  5.1
Fighting       | 2 3 5 6 |  6.0
Short Blades   | 3 4 5 6 |  6.0
Staves         | 1 2 3 |  3.6
Air Magic      | 1 |  1.6
Evocations     | 2 3 |  3.2
Fire Magic     | |  0.6

Action                   |  1- 3 |  4- 6 |  7- 9 | 10-12 || total
-------------------------+-------+-------+-------+-------++-------
Melee: Spear             |     8 |       |       |       ||     8
       Dagger            |    29 |   169 |   450 |   479 ||  1127
       Short sword       |       |       |    18 |       ||    18
       Staff             |       |       |     9 |       ||     9
Throw: Tomahawk          |       |    13 |    17 |       ||    30
       Throwing net      |       |     2 |     2 |       ||     4
 Cast: Magic Dart        |    95 |    39 |    36 |    40 ||   210
       Call Imp          |    14 |    69 |    44 |    38 ||   165
       Mephitic Cloud    |       |    22 |    24 |    82 ||   128
       Slow              |       |    15 |     8 |    24 ||    47
       Conjure Flame     |       |     2 |     2 |     6 ||    10
       Blink             |       |       |     8 |     6 ||    14
       Lightning Bolt    |       |       |       |     1 ||     1
Evoke: Wand              |       |       |     3 |     6 ||     9
  Use: Scroll            |     2 |     6 |     9 |     8 ||    25
       Potion            |     4 |     3 |     1 |     4 ||    12
 Stab: Sleeping          |     4 |     2 |     9 |     8 ||    23
       Confused          |       |    14 |     9 |    38 ||    61
       Distracted        |       |     1 |     1 |     4 ||     6
       Held in net/web   |       |     1 |       |       ||     1
  Eat: Chunk             |     4 |    12 |    12 |     8 ||    36
       Ration            |     1 |     1 |     2 |     4 ||     8
Armor: Robe              |    10 |    17 |    86 |    41 ||   154
Dodge: Dodged            |    27 |   101 |   246 |   220 ||   594
Block: Other             |     9 |    22 |   113 |    92 ||   236
